 Dungeon Crawl Stone Soup version 0.29.1-1-gd02db6906a (webtiles) character file.

Game seed: 16898523330258099677

1624 MisterFreud the Cruncher (level 9, -15/68 HPs)
             Began as a Formicid Gladiator on Oct 13, 2022.
             Killed by the air
             ... invoked by Gastronok
              (42 damage)
             ... on level 9 of the Dungeon.
             The game lasted 00:06:58 (6901 turns).

MisterFreud the Cruncher (Formicid Gladiator)       Turns: 6901, Time: 00:06:58

Health: -15/68     AC:  5    Str: 20    XL:     9   Next: 17%
Magic:  9/9        EV: 12    Int: 15    God:
Gold:   258        SH:  0    Dex: 17    Spells: 8/8 levels left

rFire   . . .      SeeInvis +   a - +2 quarterstaff (chaos)
rCold   . . .      Faith    .   (no shield)
rNeg    + . .      Spirit   .   b - +0 leather armour
rPois   .          Reflect  .   (helmet unavailable)
rElec   .          Harm     .   (no cloak)
rCorr   .          Rampage  .   p - +1 pair of gloves
Will    .....                   (no boots)
Stlth   +.........              (no amulet)
HPRegen 0.21/turn               s - ring of positive energy
MPRegen 0.11/turn               i - +6 ring of intelligence

@: no status effects
A: permanent stasis, dig shafts and tunnels, antennae 3, four strong arms
a: Dig, Shaft Self


You were on level 9 of the Dungeon.
You visited 1 branch of the dungeon, and saw 8 of its levels.

You collected 258 gold pieces.

Inventory:

Hand Weapons
 a - a +2 quarterstaff of chaos (weapon)
Missiles
 c - 4 throwing nets (quivered)
 d - a javelin
 r - a boomerang
Armour
 b - a +0 leather armour (worn)
 p - a +1 pair of gloves (worn)
Jewellery
 i - a +6 ring of intelligence (right hand)
 s - a ring of positive energy (left hand)
 v - a ring of magical power
Wands
 k - a wand of roots (7)
Scrolls
 f - 3 scrolls of teleportation
 u - a scroll of magic mapping
Potions
 e - 2 potions of curing
 g - 3 potions of haste
 l - 2 potions of berserk rage {unknown}
 m - a potion of lignification {unknown}
 n - 3 potions of heal wounds
 o - 2 potions of ambrosia {unknown}
 t - 4 potions of degeneration {unknown}


   Skills:
 - Level 5.0 Fighting
 + Level 9.5 Staves
 - Level 2.0 Throwing
 - Level 5.0 Armour
 - Level 2.6 Dodging


You had 8 spell levels left.
You didn't know any spells.
Your spell library contained the following spells:

 Spells                   Type           Power      Damage    Failure   Level
 Blade Hands              Tmut           0%         N/A       100%        5
 Irradiate                Conj/Tmut      0%         3d11      100%        5
 Dispersal                Tloc           0%         N/A       100%        6
 Dragon Form              Tmut           0%         N/A       100%        7
 Disjunction              Tloc           0%         N/A       100%        8


Dungeon Overview and Level Annotations

Branches:
Dungeon (6/15)
 Temple: D:4-7

Altars:
Cheibriados
Elyvilon
Kikubaaqudgha
Trog
Vehumet

Annotations:
D:9 Gastronok


Innate Abilities, Weirdness & Mutations

You cannot be hasted, slowed, berserked, paralysed or teleported.
You can dig through walls and to a lower floor.
You have a pair of large antennae on your head. (SInv)
Your four strong arms can wield two-handed weapons with a shield.


Message History

Things that are here:
a black bear corpse; a howler monkey corpse; a bullfrog corpse Gastronok the Ponderous comes into view.
He is wearing a +1 hat of stealth.
You see here a poisoned dart.
Things that are here:
a black bear corpse; a howler monkey corpse; a bullfrog corpse A bullfrog comes into view.
You see here a poisoned dart.
h - a poisoned dart The bullfrog croaks.
You hear a shout!
Things that are here:
a black bear corpse; a howler monkey corpse; a bullfrog corpse The bullfrog hits you!
The bullfrog barely misses you. The bullfrog hits you!
You hit the bullfrog.
The bullfrog seems to slow down.
You freeze the bullfrog.
The bullfrog is moderately wounded.
You barely miss the bullfrog.
The bullfrog is moderately wounded.
The bullfrog is no longer moving slowly.
The bullfrog hits you.
You hit the bullfrog. You freeze the bullfrog.
The bullfrog is heavily wounded.
The bullfrog hits you but does no damage.
The bullfrog closely misses you.
You thump the bullfrog!
You kill the bullfrog!
Throw: dart (poison)
Press: ? - help, Q - select action, (/) - cycle Shift-Dir - straight line, f - Gastronok
Aim: Gastronok, wearing a +1 hat of stealth (94% to hit)
You throw a poisoned dart. The poisoned dart hits Gastronok.
Gastronok is poisoned.
Gastronok gurgles, "I bet you'll be tasty."
Gastronok waves his eye-stalks in wide circles.
The air twists around and strikes you!!
Unknown command.
Gastronok looks more healthy.
Gastronok waves his eye-stalks in wide circles.
The air twists around and strikes you!!!
Ouch! That really hurt!
You die...

.... ....
###~###{.## ..#
#.#≈#.#...#####.# #
#
###.#≈#.###....†..#
#.#.
...#≈#.....#.#####
...###.#≈#.###w#†#
#. ... .#≈#.#...#.#
#...#.###~###w....#
#...@.......#####
##......#####
########


You could see Gastronok.

Vanquished Creatures
  Grinder (D:5)
  Sigmund (D:2)
  An ice beast (D:5)
  2 black bears
  An ogre (D:6)
  A centaur (D:5)
  3 bullfrogs (D:9)
  A gnoll sergeant (D:6)
  3 howler monkeys (D:9)
  2 jellies (D:5)
  A hound (D:5)
  An orc priest (D:3)
  Jessica (D:2)
  An iguana (D:5)
  Natasha (twice) (D:2)
  Robin (D:2)
  6 gnolls
  6 adders
  An ufetubus (D:5)
  2 worms (D:3)
  3 dart slugs
  7 orcs
  6 ball pythons
  5 endoplasms
  3 giant cockroaches
  17 goblins
  7 hobgoblins
  13 jackals
  3 kobolds
  4 quokkas
  4 bats
  3 frilled lizards
  7 rats
120 creatures vanquished.

Vanquished Creatures (others)
  8 fungi (D:9)
  12 plants
20 creatures vanquished.

Grand Total: 140 creatures vanquished

Notes
Turn   | Place    | Note
-------+----------+-------------------------------------------
     0 | D:1      | MisterFreud the Formicid Gladiator began the quest for the
                  | Orb.
     0 | D:1      | Reached XP level 1. HP: 16/16 MP: 1/1
   349 | D:1      | Found a faded altar of an unknown god.
   374 | D:1      | Reached XP level 2. HP: 17/22 MP: 2/2
   968 | D:1      | Reached skill level 4 in Staves
   968 | D:1      | Reached XP level 3. HP: 21/27 MP: 3/3
  1519 | D:2      | Noticed Robin
  1530 | D:2      | You fall into a shaft and drop 2 floors!
  1794 | D:4      | Reached XP level 4. HP: 27/33 MP: 4/4
  1965 | D:3      | Reached skill level 5 in Staves
  1993 | D:3      | Found a snail-covered altar of Cheibriados.
  2182 | D:3      | Reached XP level 5. HP: 30/38 MP: 5/5
  2487 | D:2      | Found an ancient bone altar of Kikubaaqudgha.
  2510 | D:2      | You fall into a shaft and drop 1 floor!
  2861 | D:2      | Noticed Jessica
  2868 | D:2      | Killed Jessica
  2885 | D:2      | You fall into a shaft and drop 2 floors!
  3271 | D:4      | Reached skill level 6 in Staves
  3499 | D:4      | Found a radiant altar of Vehumet.
  3797 | D:3      | Reached skill level 1 in Armour
  3797 | D:3      | Reached XP level 6. HP: 17/46 MP: 6/6
  3799 | D:3      | You fall into a shaft and drop 1 floor!
  4167 | D:2      | Killed Robin
  4358 | D:2      | Noticed Sigmund
  4430 | D:2      | Killed Sigmund
  4431 | D:2      | Reached XP level 7. HP: 42/53 MP: 7/7
  4451 | D:2      | Noticed Natasha
  4460 | D:2      | Killed Natasha
  4647 | D:2      | Noticed Natasha
  4656 | D:2      | Killed Natasha
  4886 | D:4      | Found a bloodstained altar of Trog.
  5065 | D:5      | Entered Level 5 of the Dungeon
  5478 | D:5      | Noticed Grinder
  5487 | D:5      | Killed Grinder
  5488 | D:5      | Reached skill level 5 in Fighting
  5488 | D:5      | Reached skill level 5 in Armour
  5488 | D:5      | Reached XP level 8. HP: 44/62 MP: 8/8
  5655 | D:5      | Found a white marble altar of Elyvilon.
  5818 | D:5      | Reached skill level 7 in Staves
  6244 | D:6      | Reached skill level 8 in Staves
  6256 | D:6      | HP: 2/62 [sky beast (6)]
  6257 | D:6      | You fall into a shaft and drop 1 floor!
  6567 | D:7      | You fall into a shaft and drop 2 floors!
  6800 | D:9      | Noticed a yak
  6836 | D:9      | Reached XP level 9. HP: 54/68 MP: 9/9
  6840 | D:9      | Reached skill level 9 in Staves
  6877 | D:9      | Noticed Gastronok
  6901 | D:9      | Killed from afar by Gastronok

Illustrated notes

Levels and vault maps discovered:
D:1:      elethiomel_arrival_infinity_welcomes_careful_drivers,
          layout_loops_corners, hellmonk_ecumenical_altar_zigzags
D:2:      layout_basic, basic_altar, uniq_natasha, uniq_robin, uniq_jessica,
          uniq_sigmund
D:3:      layout_basic, kennysheep_slug_shrine, minmay_misc_feat_pillars,
          dreamdust_mushroom_princess, hangedman_decor_push,
          minmay_misc_feat_secret_circle, minmay_misc_feat_enclosed,
          saegor_snake_ambush
D:4:      layout_cave_pools, overflow_temple_1_default, trog_hazing_becter,
          serial_forest, infiniplex_forest_clump_tiny,
          infiniplex_forest_straight_4, infiniplex_forest_end_2,
          infiniplex_forest_end_3, infiniplex_forest_diagonal
D:5:      layout_basic, elyvilon_altar_3, uniq_grinder
D:6:      layout_basic, enter_ossuary_5, uniq_blork_the_orc
D:7:      layout_layer_cave, nicolae_gozag_seed_capital,
          nicolae_overflow_squiral, minmay_temple_entry_stoned_glass,
          minivault_27, hangedman_decor_riveting, grunt_ministairs_9,
          uniq_duvessa
D:9:      layout_rooms, mainiacjoe_overflow_24_doors,
          grunt_lair_entry_orc_guard_hut, grunt_decor_cap, uniq_gastronok

Skill      XL: |  1  2  3  4  5  6  7  8  9 |
---------------+----------------------------+-----
Staves         | 4 5 6 8 9 |  9.5
Armour         | 1 3 5 |  5.0
Fighting       | 3 5 |  5.0
Throwing       | |  2.0
Dodging        | |  2.6

Action                   |  1- 3 |  4- 6 |  7- 9 || total
-------------------------+-------+-------+-------++-------
Melee: Quarterstaff      |    99 |   162 |   163 ||   424
       Punch             |     2 |     4 |     1 ||     7
Throw: Dart              |       |     4 |     8 ||    12
       Throwing net      |       |     1 |     1 ||     2
 Abil: Shaft Self        |     1 |     3 |     2 ||     6
  Use: Scroll            |     2 |       |     9 ||    11
 Stab: Sleeping          |     1 |       |       ||     1
Armor: Leather armour    |    24 |    44 |    30 ||    98
Dodge: Dodged            |    74 |   114 |   107 ||   295
